 Dungeon Crawl Stone Soup version 0.27-a0-899-ge2d0b17c59 (webtiles) character file.

Game seed: 4105702410663027459

344178 porpoise the Devastator (level 21, -11/120 HPs)
             Began as a Deep Elf Conjurer on Apr 3, 2021.
             Was the Champion of Vehumet.
             Killed from afar by an ironbound frostheart (25 damage)
             ... with a frost
             ... on level 3 of the Vaults on Apr 5, 2021.
             The game lasted 09:01:43 (97384 turns).

porpoise the Devastator (Deep Elf Conjurer)        Turns: 97384, Time: 09:01:43

Health: -11/120    AC: 17    Str: 12    XL:     21   Next: 14%
Magic:  19/42      EV: 21    Int: 28    God:    Vehumet [******]
Gold:   940        SH: 14    Dex: 17    Spells: 6/51 levels left

rFire    + . .     SeeInvis .   a - staff of conjuration
rCold    . . .     Faith    .   H - +2 buckler
rNeg     + . .     Spirit   .   K - +2 ring mail {Will+}
rPois    +         Reflect  +   s - +0 helmet
rElec    +         Harm     .   k - +2 cloak
rCorr    .         Rampage  .   R - +0 pair of gloves
Will     ++++.                  E - +2 pair of boots {Stlth+}
Stlth    +++++.....             N - amulet "Egabeusemm" {Reflect rN+ SH+5}
HPRegen  0.30/turn              D - ring "Inigutag" {Wiz rElec Str+2 Dex+4}
MPRegen  0.28/turn              m - ring "Juuwk" {rPois rF+ Will+ EV+4}

@: frozen, unable to drink, very slow
A: no potions
}: 2/15 runes: decaying, serpentine
a: Renounce Religion


You were on level 3 of the Vaults.
You worshipped Vehumet.
Vehumet was exalted by your worship.
You visited 8 branches of the dungeon, and saw 38 of its levels.
You also visited: Ossuary, Gauntlet and Ice Cave.

You collected 5009 gold pieces.
You spent 4069 gold pieces at shops.

Inventory:

Hand Weapons
 b - a +3 fustibalus of flaming
Missiles
 d - 3 curare-tipped darts (quivered)
 I - 11 poisoned darts
 S - 219 sling bullets
Armour
 k - a +2 cloak (worn)
 s - a +0 helmet (worn)
 E - a +2 pair of boots of stealth (worn)
 H - a +2 buckler (worn)
 K - a +2 ring mail of willpower (worn)
 R - a +0 pair of gloves (worn)
Magical Staves
 a - a staff of conjuration (weapon)
 w - a staff of cold
Jewellery
 m - the ring "Juuwk" (right hand) {rPois rF+ Will+ EV+4}
   (You acquired it on level 12 of the Dungeon)

   [ring of evasion]

   It affects your evasion (+4).
   It protects you from fire.
   It protects you from poison.
   It increases your willpower.
 o - a ring of see invisible
 D - the ring "Inigutag" (left hand) {Wiz rElec Str+2 Dex+4}
   (You bought it in a shop on level 2 of the Orcish Mines)

   [ring of wizardry]

   It improves your spell success rate.
   It affects your strength (+2).
   It affects your dexterity (+4).
   It insulates you from electricity.
 N - the amulet "Egabeusemm" (around neck) {Reflect rN+ SH+5}
   (You took it off a minotaur in a Gauntlet)

   [amulet of reflection]

   It reflects blocked missile attacks.
   It protects you from negative energy.
   It affects your SH (+5).
 Z - the ring "Emavolal" {+Blink rElec rC+ Will+ Dex-3}
   (You found it on level 1 of the Lair of Beasts)

   [ring of willpower]

   It affects your dexterity (-3).
   It protects you from cold.
   It insulates you from electricity.
   It lets you blink.
   It increases your willpower.
Wands
 e - a wand of digging (19)
 g - a wand of acid (29)
 j - a wand of iceblast (21)
 q - a wand of mindburst (18)
 u - a wand of paralysis (7)
Scrolls
 h - 6 scrolls of fear
 t - 3 scrolls of fog
 v - 6 scrolls of teleportation
 y - 3 scrolls of vulnerability
 A - 5 scrolls of magic mapping
 F - 4 scrolls of blinking
 J - a scroll of summoning
 L - a scroll of brand weapon
 M - 3 scrolls of identify
Potions
 c - 16 potions of curing
 i - a potion of magic
 l - 5 potions of heal wounds
 n - 3 potions of ambrosia
 p - 5 potions of attraction
 z - 4 potions of lignification
 B - 5 potions of resistance
 C - 5 potions of haste
 G - a potion of cancellation
 U - 3 potions of invisibility
Miscellaneous
 f - a lightning rod (4/4)
 r - a condenser vane
 x - a phantom mirror
 V - a box of beasts
 X - a tin of tremorstones (2/2)


   Skills:
 - Level 9.0 Fighting
 - Level 7.0 Armour
 - Level 12.0 Dodging
 - Level 9.0 Stealth
 - Level 9.0 Shields
 + Level 15.7 Spellcasting
 - Level 19.0 Conjurations
 - Level 12.0 Hexes
 - Level 12.0 Translocations
 - Level 7.0 Transmutations
 - Level 12.0 Fire Magic
 - Level 14.0 Ice Magic
 + Level 10.1 Air Magic
 - Level 9.0 Earth Magic
 - Level 7.0 Poison Magic
 - Level 9.0 Evocations


You had 6 spell levels left.
You knew the following spells:

 Your Spells              Type           Power      Damage    Failure   Level
a - Apportation           Tloc           100%       N/A       1%          1
b - Searing Ray           Conj           100%       3d7       0%          2
c - Fulminant Prism       Conj/Hex       52%        3d23      1%          4
d - Iskenderun's Mystic   Conj/Tloc      100%       2d19      1%          4
e - Orb of Destruction    Conj           57%        9d16      1%          7
f - Fireball              Conj/Fire      52%        3d20      1%          5
i - Ignite Poison         Fire/Tmut/Pois 63%        N/A       1%          3
k - Blink                 Tloc           N/A        N/A       1%          2
o - Olgreb's Toxic Radia  Pois           57%        N/A       1%          4
r - Airstrike             Air            34%        N/A       1%          4
w - Swiftness             Air            68%        N/A       1%          2
z - Ozocubu's Refrigerat  Ice            39%        4d12      1%          7

Your spell library contained the following spells:

 Spells                   Type           Power      Damage    Failure   Level
 Chain Lightning          Conj/Air       51%        N/A       9%          8
 Fire Storm               Conj/Fire      52%        8d13      54%         9
 Tornado                  Air            34%        N/A       99%         9
 Foxfire                  Conj/Fire      100%       2x1d9     0%          1
 Freeze                   Ice            100%       1d11      0%          1
 Magic Dart               Conj           100%       1d8       0%          1
 Shock                    Conj/Air       100%       1d9       0%          1
 Conjure Flame            Conj/Fire      100%       6-21      0%          3
 Dazzling Flash           Conj/Hex       100%       N/A       0%          3
 Animate Skeleton         Necr           44%        N/A       1%          1
 Beastly Appendage        Tmut           100%       N/A       1%          1
 Corona                   Hex            81%        N/A       1%          1
 Sandblast                Erth           100%       2d20      1%          1
 Sting                    Tmut/Pois      100%       1d8       1%          1
 Summon Small Mammal      Summ           88%        N/A       1%          1
 Ensorcelled Hibernation  Hex/Ice        100%       N/A       1%          2
 Passwall                 Tmut/Erth      50%        N/A       1%          2
 Poisonous Vapours        Pois/Air       100%       N/A       1%          2
 Slow                     Hex            73%        N/A       1%          2
 Wereblood                Tmut           57%        N/A       1%          2
 Confusing Touch          Hex            73%        N/A       1%          3
 Gell's Gravitas          Tloc           36%        N/A       1%          3
 Inner Flame              Hex/Fire       73%        N/A       1%          3
 Lesser Beckoning         Tloc           36%        N/A       1%          3
 Mephitic Cloud           Conj/Pois/Air  94%        N/A       1%          3
 Portal Projectile        Hex/Tloc       100%       N/A       1%          3
 Spider Form              Tmut/Pois      28%        N/A       1%          3
 Static Discharge         Conj/Air       100%       N/A       1%          3
 Stone Arrow              Conj/Erth      100%       3d13      1%          3
 Summon Guardian Golem    Hex/Summ       53%        N/A       1%          3
 Tukima's Dance           Hex            73%        N/A       1%          3
 Cause Fear               Hex            36%        N/A       1%          4
 Ice Form                 Ice/Tmut       69%        N/A       1%          4
 Leda's Liquefaction      Hex/Erth       34%        N/A       1%          4
 Passage of Golubria      Tloc           N/A        N/A       1%          4
 Petrify                  Tmut/Erth      61%        N/A       1%          4
 Sticky Flame             Conj/Fire      100%       2d11      1%          4
 Summon Ice Beast         Ice/Summ       57%        N/A       1%          4
 Bolt of Magma            Conj/Fire/Erth 49%        4d20      1%          5
 Lee's Rapid Deconstruct  Erth           32%        3d17*     1%          5
 Lightning Bolt           Conj/Air       51%        1d72      1%          5
 Manifold Assault         Tloc           73%        N/A       1%          5
 Metabolic Englaciation   Hex/Ice        38%        N/A       1%          5
 Silence                  Hex/Air        35%        N/A       1%          5
 Yara's Violent Unravell  Hex/Tmut       33%        3d14      1%          5
 Dispersal                Tloc           36%        N/A       1%          6
 Freezing Cloud           Conj/Ice/Air   50%        6-21      1%          6
 Iron Shot                Conj/Erth      50%        9d10      1%          6
 Starburst                Conj/Fire      52%        8x6d14    1%          6
 Call Imp                 Summ           22%        N/A       2%          2
 Animate Armour           Summ/Erth      94%        N/A       2%          4
 Hydra Form               Tmut           28%        N/A       2%          5
 Borgnjor's Vile Clutch   Necr/Erth      23%        N/A       8%          5
 Statue Form              Tmut/Erth      40%        N/A       11%         6
 Simulacrum               Ice/Necr       28%        N/A       16%         6
 Animate Dead             Necr           11%        N/A       17%         4
 Death Channel            Necr           11%        N/A       92%         6
 Shadow Creatures         Summ           N/A        N/A       92%         6
 Ignition                 Fire           36%        3d11      22%         8
 Disjunction              Tloc           36%        N/A       61%         8
 Shatter                  Erth           32%        3d26*     99%         9


Dungeon Overview and Level Annotations

Branches:
Dungeon (15/15)            Temple (1/1) D:4            Lair (6/6) D:8
  Swamp (4/4) Lair:4        Snake (4/4) Lair:3        Slime (0/5) Lair:5
    Orc (2/2) D:11            Elf (3/3) Orc:2        Vaults (3/5) D:13
  Crypt (0/3) Vaults:2     Depths (0/5) D:15        Ossuary (visited)
  IceCv (visited)         Gauntlet (visited)

Altars:
Cheibriados
Dithmenos
Elyvilon
Fedhas
Gozag
Hepliaklqana
Kikubaaqudgha
Nemelex Xobeh
Ru
Vehumet
Yredelemnul
Zin
The Shining One
Beogh
Jiyva

Shops:
D:7 (   Orc:1 =   Orc:2 =*:[   Elf:3 (   Vaults:1 :(!(   Vaults:3 [

Portals:
Abyss: Swamp:3
Trove: D:12 (give 4 scrolls of fear)

Annotations:
Lair:4 2 transporters, Nyzic's ghost, journeyman TrMo
Swamp:3 2 transporters, Guhexism's ghost, journeyman DsMo
Vaults:2 3 runed translucent doors, rjrrt's ghost, adept MiBe


Message History

You kill the ironbound convoker!
Vehumet accepts your kill.
You feel your power returning.
The wizard gestures wildly while chanting.
The wizard blinks!
Casting: Ozocubu's Refrigeration (dangerous; 1% risk of failure)
Confirm with . or Enter, or press ? or * to list all spells.
The heat is drained from your surroundings.
You feel very cold. The monsters around you are frozen!
You kill the deep troll!
Vehumet accepts your kill.
You feel your power returning.
The troll leather armour is intact enough to wear.
The orc knight is almost dead.
The ironbound frostheart resists.
The ironbound frostheart is almost dead.
The ironbound frostheart resists.
The ironbound frostheart is severely wounded.
You kill the ironbound thunderhulk!
Vehumet accepts your kill.
You feel your power returning. The ice encasing you melts away.
You block the orc knight's attack.
The ironbound frostheart calls freezing cold from the walls.
The frost grips you!!!
* * * LOW HITPOINT WARNING * * *
You are encased in ice.
You cannot drink potions in your current state!
Unknown command.
Unknown command.
Casting: Ozocubu's Refrigeration (dangerous; 1% risk of failure)
Confirm with . or Enter, or press ? or * to list all spells.
You feel a surge of power!
You erupt in a blast of force!
The mystic blast hits the orc knight.
You kill the orc knight!
Vehumet accepts your kill.
You feel your power returning.
The ironbound frostheart calls freezing cold from the walls.
The frost grips you!!
You die...

..# ..# ####p. ### ####
...p. # #..# ..§p ## #..#
..[#### .## #### #..#
......# ..##
#..#####..#####.).)#.#
...###..'..........#p.....#
#...##..#.......@).'p..#
##......#####..#####.#.#
##....## #..# ... #....#
#..# #### .....## #..#
....### ##+# #+###


You could see 2 ironbound frosthearts.

Vanquished Creatures
  Bai Suzhen (Swamp:3)
  Jorgrun (Elf:2)
  4 deep elf blademasters (Elf:3)
  3 deep elf master archers (Elf:3)
  A thorn hunter (Swamp:4)
  A frost giant (IceCv)
  4 deep elf sorcerers
  7 nagarajas
  5 vault wardens
  Aizul (Snake:1)
  3 orc warlords
  6 deep elf elementalists
  Louise (Snake:4)
  3 very ugly things (Vaults:2)
  8 ironbound preservers
  A quicksilver ooze (Lair:5)
  3 deep elf annihilators (Elf:3)
  6 deep elf demonologists
  6 bunyips
  3 dire elephants (Vaults:1)
  Snorg (Orc:2)
  A minotaur (Gauntlet)
  5 deep elf death magi (Elf:3)
  2 eleionomae
  A green death (Gauntlet)
  2 salamander tyrants
  A great orb of eyes (Vaults:2)
  3 shambling mangroves
  The ghost of Jeban the Spear-Bearer, a journeyman OpFi of Gozag (Lair:5)
  Josephine (Lair:4)
  2 deep elf high priests (Elf:3)
  2 ironbound thunderhulks
  3 yaktaur captains
  3 boulder beetles
  14 naga warriors
  5 vault guards
  6 centaur warriors
  25 hydras
  An ice dragon (Orc:2)
  4 ironbound frosthearts
  An ogre mage (D:15)
  16 anacondas
  2 catoblepae (Lair:3)
  10 two-headed ogres
  23 dancing weapons
  3 death yaks
  A death knight (D:15)
  15 alligators
  A tengu warrior (D:15)
  Urug (Lair:2)
  4 ironbound beastmasters
  12 naga sharpshooters
  7 shock serpents
  6 orc high priests (Orc:2)
  A spriggan berserker (Swamp:4)
  14 deep elf knights
  Sonja (Lair:5)
  2 salamander mystics
  8 skeletal warriors
  2 goliath frogs
  6 spriggan druids
  23 deep trolls
  6 bog bodies
  8 naga ritualists
  13 swamp dragons
  7 deep elf archers
  Pikel (D:4)
  A wizard (Vaults:2)
  4 lindwurms
  6 ironbound convokers
  8 harpies (Vaults:2)
  21 deep elf zephyrmancers
  3 necromancers
  5 orc knights
  A wolf spider zombie (D:15)
  An orb spider (shapeshifter) (D:13)
  11 ugly things
  A tengu skeleton (Vaults:2)
  4 oklob plants (Lair:1)
  22 deep elf pyromancers
  7 mana vipers
  2 orc sorcerers (D:15)
  5 will-o-the-wisps
  A manticore (D:13)
  19 salamanders
  9 cyclopes
  A stone giant skeleton (Vaults:2)
  6 human skeletons (Vaults:2)
  Maurice (D:9)
  A sphinx skeleton (Vaults:2)
  A fire giant skeleton (Vaults:2)
  12 elephants
  A guardian serpent (shapeshifter) (D:15)
  2 frost giant skeletons (Vaults:2)
  Joseph (D:10)
  42 black mambas
  9 vault sentinels
  30 naga magi
  A gargoyle (D:12)
  An ice statue (IceCv)
  24 cane toads
  A torpor snail (Lair:5)
  A kobold demonologist (D:12)
  4 unseen horrors
  A centaur skeleton (D:15)
  5 rime drakes
  5 komodo dragons
  3 efreet
  A freezing wraith (D:15)
  2 tengu conjurers (D:15)
  16 yaktaurs
  An ice devil (Gauntlet)
  3 bloated husks
  2 guardian mummies (D:12)
  3 trolls
  14 hornets
  A yaktaur skeleton (Vaults:1)
  12 tyrant leeches
  A troll (shapeshifter) (D:13)
  18 polar bears
  25 slime creatures
  Grinder (D:4)
  34 blink frogs
  A dream sheep (shapeshifter) (D:14)
  A meliai zombie (D:15)
  A redback (shapeshifter) (D:13)
  10 spriggans
  2 shadows
  2 wyverns
  3 air elementals
  5 wraiths
  4 vampires
  An ettin skeleton (Vaults:2)
  4 water elementals
  5 fire elementals
  A fire bat (shapeshifter) (D:12)
  73 yaks
  7 basilisks
  A human simulacrum (Vaults:1)
  A hog (shapeshifter) (D:14)
  9 vampire mosquitoes
  7 wargs
  59 nagas
  A harpy simulacrum (D:15)
  An acid dragon (D:5)
  19 water moccasins
  13 swamp worms
  8 swamp drakes
  21 orc warriors
  2 ice beasts
  2 black bears
  A sky beast (D:5)
  A hornet zombie (D:6)
  32 wolves
  4 boggarts (Vaults:1)
  13 ogres
  12 centaurs
  2 lemures (D:4)
  2 elf simulacra (Vaults:1)
  A phantom (D:5)
  3 kobold brigands
  28 bullfrogs
  2 wyvern zombies
  A gnoll sergeant (D:10)
  4 water moccasin zombies (Ossuary)
  2 scorpions (D:5)
  4 earth elementals
  A killer bee (D:7)
  5 wights (D:6)
  A howler monkey (D:12)
  2 electric eels
  5 centaur zombies
  A bullfrog skeleton (D:6)
  3 hounds (D:5)
  19 jellies
  38 orc priests
  A gnoll shaman (Orc:2)
  8 iguanas
  Jessica (D:3)
  21 orc wizards
  5 hell rats (Lair:6)
  A killer bee zombie (D:7)
  2 mummies (Ossuary)
  13 gnolls
  9 adders
  6 white imps
  3 ufetubi
  4 adder zombies (Ossuary)
  2 adder skeletons (D:5)
  2 worms
  79 orcs
  7 bats
  4 endoplasms
  4 giant cockroaches
  2 gnoll zombies (Ossuary)
  5 goblins
  2 hobgoblins
  17 jackals
  4 quokkas
  11 ball pythons
  A frilled lizard (D:1)
  3 hobgoblin zombies (Ossuary)
  20 kobolds
  3 kobold zombies (Ossuary)
  7 orc zombies (Ossuary)
  8 rats
  A fulminant prism (Swamp:4)
1470 creatures vanquished.

Vanquished Creatures (collateral kills)
  4 yaks (D:8)
  A jelly (D:8)
5 creatures vanquished.

Vanquished Creatures (others)
  An ugly thing (D:15)
  A manticore (D:15)
  A bush (D:15)
  30 foxfires
  201 fulminant prisms
  72 fungi
  153 plants
  A withered plant (Gauntlet)
460 creatures vanquished.

Grand Total: 1935 creatures vanquished

Notes
Turn   | Place    | Note
-------+----------+-------------------------------------------
     0 | D:1      | porpoise the Deep Elf Conjurer began the quest for the Orb.
     0 | D:1      | Reached XP level 1. HP: 10/10 MP: 6/6
   177 | D:1      | Reached XP level 2. HP: 15/15 MP: 4/8
   260 | D:1      | Learned a level 2 spell: Searing Ray
   395 | D:1      | Reached skill level 5 in Conjurations
   395 | D:1      | Reached XP level 3. HP: 19/19 MP: 4/10
   883 | D:1      | Found a faded altar of an unknown god.
  1501 | D:2      | Reached XP level 4. HP: 24/24 MP: 6/12
  1840 | D:2      | Learned a level 4 spell: Fulminant Prism
  1845 | D:2      | Learned a level 4 spell: Iskenderun's Mystic Blast
  1973 | D:3      | Noticed Jessica
  1976 | D:3      | Killed Jessica
  1977 | D:3      | Reached skill level 5 in Spellcasting
  2142 | D:3      | Reached skill level 6 in Conjurations
  2142 | D:3      | Reached XP level 5. HP: 28/28 MP: 7/14
  2143 | D:3      | Reached skill level 1 in Fighting
  3018 | D:4      | Noticed a lemure
  3019 | D:4      | Noticed a lemure
  3034 | D:4      | Killed a lemure
  3149 | D:4      | Noticed a lemure
  3150 | D:4      | Noticed Pikel
  3284 | D:4      | Found a staircase to the Ecumenical Temple.
  3353 | D:4      | Killed a lemure
  3420 | D:4      | Killed Pikel
  3421 | D:4      | Reached skill level 7 in Conjurations
  3421 | D:4      | Reached XP level 6. HP: 19/39 MP: 6/15
  3421 | D:4      | Reached XP level 7. HP: 22/44 MP: 6/16
  3673 | Temple   | Entered the Ecumenical Temple
  3690 | Temple   | Became a worshipper of Vehumet
  3781 | D:4      | Reached skill level 1 in Hexes
  3888 | D:4      | Noticed Grinder
  3895 | D:4      | Paralysed by Grinder for 3 turns
  3898 | D:4      | Killed Grinder
  3899 | D:4      | Reached skill level 5 in Fighting
  3899 | D:4      | Reached XP level 8. HP: 40/49 MP: 7/17
  4186 | D:4      | Learned a level 5 spell: Fireball
  4226 | D:5      | Entered Level 5 of the Dungeon
  4365 | D:5      | Found a sand-covered staircase.
  4374 | Ossuary  | Entered an ossuary
  4382 | Ossuary  | Reached skill level 5 in Hexes
  4520 | Ossuary  | Reached * piety under Vehumet
  4520 | Ossuary  | Offered knowledge of Shock by Vehumet.
  5293 | D:5      | Found a glowing golden altar of the Shining One.
  5295 | D:5      | Found a sacrificial altar of Ru.
  5322 | D:5      | Found a snail-covered altar of Cheibriados.
  5326 | D:5      | Found a hazy altar of Hepliaklqana.
  5495 | D:5      | Reached skill level 5 in Dodging
  5543 | D:5      | Reached skill level 1 in Shields
  5610 | D:5      | You fall into a shaft and drop 3 floors!
  5620 | D:8      | Reached skill level 1 in Translocations
  5675 | D:8      | Reached XP level 9. HP: 54/54 MP: 14/18
  5997 | D:6      | Reached ** piety under Vehumet
  6056 | D:6      | Offered knowledge of Freeze by Vehumet.
  6120 | D:6      | Reached skill level 5 in Translocations
  6154 | D:6      | Reached skill level 1 in Evocations
  7059 | D:5      | Reached skill level 8 in Conjurations
  7092 | D:5      | Offered knowledge of Static Discharge by Vehumet.
  7920 | D:6      | Reached XP level 10. HP: 59/59 MP: 15/19
  7924 | D:6      | Reached skill level 5 in Evocations
  8446 | D:6      | Reached skill level 9 in Conjurations
  8613 | D:7      | Found Mualei Hiju's Weapon Shop.
  8667 | D:7      | Reached skill level 1 in Fire Magic
  8796 | D:7      | Learned a level 2 spell: Blink
  8951 | D:7      | Reached *** piety under Vehumet
  8980 | D:7      | Reached skill level 5 in Stealth
  9141 | D:7      | Reached skill level 1 in Armour
  9470 | D:7      | Offered knowledge of Stone Arrow by Vehumet.
  9662 | D:8      | Reached skill level 5 in Fire Magic
  9860 | D:8      | Found a staircase to the Lair.
 10220 | D:8      | Paralysed by a hornet for 2 turns
 10758 | D:9      | Found a shadowy altar of Dithmenos.
 10907 | D:9      | Noticed a two-headed ogre
 10916 | D:9      | Killed a two-headed ogre
 10917 | D:9      | Reached XP level 11. HP: 58/63 MP: 9/20
 11146 | D:9      | Reached skill level 5 in Armour
 11149 | D:9      | Reached **** piety under Vehumet
 11150 | D:9      | Noticed a two-headed ogre
 11154 | D:9      | Killed a two-headed ogre
 11914 | D:9      | Noticed Maurice
 11923 | D:9      | Killed Maurice
 12141 | D:10     | Entered Level 10 of the Dungeon
 12291 | D:10     | Offered knowledge of Bolt of Magma by Vehumet.
 12360 | D:10     | Learned a level 5 spell: Bolt of Magma
 12450 | D:10     | Noticed Joseph
 12456 | D:10     | Killed Joseph
 12834 | D:10     | Found an ancient bone altar of Kikubaaqudgha.
 13112 | D:10     | Reached skill level 1 in Earth Magic
 13384 | D:11     | Found a staircase to the Orcish Mines.
 13554 | D:11     | Noticed a five-headed hydra
 13682 | D:11     | Killed a five-headed hydra
 14400 | D:12     | Identified a scroll of acquirement
 14400 | D:12     | Acquired the ring "Juuwk" {rPois rF+ Will+ EV+4}
 14484 | D:12     | You fall into a shaft and drop 3 floors!
 14484 | D:15     | Entered Level 15 of the Dungeon
 14495 | D:15     | Reached skill level 5 in Earth Magic
 14496 | D:15     | Noticed a red ugly thing
 14506 | D:15     | Killed a red ugly thing
 14506 | D:15     | Noticed a red ugly thing
 14514 | D:15     | Killed a red ugly thing
 14515 | D:15     | Reached XP level 12. HP: 51/68 MP: 10/24
 14527 | D:15     | Noticed an ogre mage
 14527 | D:15     | Noticed a two-headed ogre
 14527 | D:15     | Noticed a two-headed ogre
 14596 | D:14     | Noticed a centaur warrior
 15021 | D:12     | Noticed a two-headed ogre
 15030 | D:12     | Killed a two-headed ogre
 15123 | D:12     | Reached ***** piety under Vehumet
 15129 | D:12     | Offered knowledge of Hailstorm by Vehumet.
 15353 | D:11     | Noticed a two-headed ogre
 15359 | D:11     | Killed a two-headed ogre
 15478 | D:12     | Noticed a two-headed ogre
 15481 | D:12     | Killed a two-headed ogre
 16041 | D:12     | Found a portal to a secret trove of treasure.
 16528 | Lair:1   | Entered Level 1 of the Lair of Beasts
 16609 | Lair:1   | You fall into a shaft and drop 1 floor!
 16931 | Lair:1   | Noticed a seven-headed hydra
 16936 | Lair:1   | Killed a seven-headed hydra
 17609 | Lair:1   | Identified the ring "Emavolal" {+Blink rElec rC+ Will+
                  | Dex-3}
 17648 | Lair:1   | Reached XP level 13. HP: 70/76 MP: 17/28
 18176 | Lair:2   | Noticed Urug
 18192 | Lair:2   | Killed Urug
 19393 | Lair:2   | Reached skill level 10 in Dodging
 20910 | Lair:3   | Found a staircase to the Snake Pit.
 21378 | Lair:3   | Identified the +7 rapier of the Middle {vorpal, +Blink +Fly
                  | rF- Int+7}
 22753 | Lair:4   | Noticed Josephine
 22758 | Lair:4   | Killed Josephine
 22973 | Lair:4   | Found a transporter.
 23004 | Lair:4   | Found a transporter.
 23031 | Lair:4   | Noticed Nyzic's ghost (journeyman TrMo)
 23060 | Lair:4   | Reached skill level 5 in Shields
 23520 | Lair:3   | Reached XP level 14. HP: 59/82 MP: 0/29
 23805 | Lair:4   | Found a staircase to the Swamp.
 24389 | Lair:5   | Found a gate leading to a gauntlet.
 24391 | Lair:5   | Offered knowledge of Lee's Rapid Deconstruction by Vehumet.
 24476 | Gauntlet | Entered a Gauntlet
 24476 | Gauntlet | Found a transporter.
 24476 | Gauntlet | Found a transporter.
 24486 | Gauntlet | Found a transporter.
 24490 | Gauntlet | Found a transporter.
 24503 | Gauntlet | Found a transporter.
 24507 | Gauntlet | Found a transporter.
 24519 | Gauntlet | Found a transporter.
 24535 | Gauntlet | Found a transporter.
 24559 | Gauntlet | Found a transporter.
 24560 | Gauntlet | Found a transporter.
 24572 | Gauntlet | Found a transporter.
 24572 | Gauntlet | Found a transporter.
 24573 | Gauntlet | Found a runed translucent door.
 25053 | Gauntlet | Identified the -3 pair of gloves of the Slightly Bent
                  | {-Tele rF+ Stlth+}
 25083 | Gauntlet | Identified the amulet "Egabeusemm" {Reflect rN+ SH+5}
 25846 | Lair:5   | Noticed Sonja
 25988 | Lair:5   | Killed Sonja
 26415 | Lair:5   | Reached skill level 10 in Spellcasting
 26950 | Lair:5   | Found a runed translucent gate.
 27186 | Lair:5   | Found a runed translucent gate.
 27186 | Lair:5   | Found a runed translucent gate.
 27190 | Lair:5   | Noticed Jeban's ghost (journeyman OpFi)
 27190 | Lair:5   | Noticed a quicksilver ooze
 27194 | Lair:5   | Found a viscous altar of Jiyva.
 27430 | Lair:5   | Found a staircase to the Slime Pits.
 27496 | Lair:5   | Offered knowledge of Ozocubu's Refrigeration by Vehumet.
 27528 | Lair:5   | Learned a level 7 spell: Ozocubu's Refrigeration
 28442 | D:13     | Found a gate to the Vaults.
 29816 | D:14     | Reached skill level 1 in Ice Magic
 31712 | D:15     | Reached XP level 15. HP: 65/86 MP: 5/33
 32362 | D:15     | Reached skill level 5 in Ice Magic
 33148 | D:15     | Found a staircase to the Depths.
 33549 | Lair:6   | Entered Level 6 of the Lair of Beasts
 36332 | Lair:6   | Offered knowledge of Iskenderun's Battlesphere by Vehumet.
 36842 | Lair:6   | Identified the +0 leather armour "Dethryde" {Str+2}
 37281 | Lair:1   | Learned a level 4 spell: Olgreb's Toxic Radiance
 37285 | Lair:1   | Learned a level 3 spell: Ignite Poison
 37385 | Orc:1    | Entered Level 1 of the Orcish Mines
 37720 | Orc:2    | Entered Level 2 of the Orcish Mines
 37739 | Orc:2    | Noticed Snorg
 37747 | Orc:2    | Killed Snorg
 37748 | Orc:2    | Reached skill level 1 in Transmutations
 37748 | Orc:2    | Reached skill level 1 in Poison Magic
 37797 | Orc:2    | Found a frozen archway.
 37870 | IceCv    | Entered an ice cave
 38508 | IceCv    | Identified Nakhal's Disquisition on Translocation and Ice
 39704 | IceCv    | Noticed a frost giant
 39707 | IceCv    | Reached skill level 5 in Poison Magic
 39710 | IceCv    | Killed a frost giant
 39711 | IceCv    | Reached ****** piety under Vehumet
 40516 | Orc:2    | Found a staircase to the Elven Halls.
 40751 | Orc:1    | Reached XP level 16. HP: 92/92 MP: 27/34
 41143 | Orc:1    | Found Pejemom's Jewellery Boutique.
 42542 | Orc:2    | Found Kudevaokh's Antique Armour Shop.
 42542 | Orc:2    | Found Esiq Oma's Book Emporium.
 42551 | Orc:2    | Offered knowledge of Lightning Bolt by Vehumet.
 42559 | Orc:2    | Reached skill level 5 in Transmutations
 43449 | Orc:2    | Found Wyng's Assorted Antiques.
 43449 | Orc:2    | Found Bapeoleh's Jewellery Emporium.
 43454 | Orc:2    | Bought a shiny bone wand for 128 gold pieces
 44167 | Orc:2    | Bought a transparent robe for 119 gold pieces
 44167 | Orc:2    | Identified the +1 robe of Rotation {Harm rC- rN+++ Stlth+}
                  | (You bought it in a shop on level 2 of the Orcish Mines)
 44167 | Orc:2    | Bought an embroidered robe for 77 gold pieces
 44509 | Orc:2    | Bought a scroll of identify for 64 gold pieces
 44553 | Elf:1    | Entered Level 1 of the Elven Halls
 44749 | Elf:1    | Found a radiant altar of Vehumet.
 45748 | Elf:1    | Reached skill level 10 in Conjurations
 47513 | Elf:1    | Noticed a Tzitzimitl
 47869 | Elf:1    | Identified the Handbook of the Entourage
 49368 | Elf:2    | Upgraded the game from 0.27-a0-869-g165b36e3f0 to
                  | 0.27-a0-887-gcab673c142
 49430 | Elf:2    | Noticed Jorgrun
 49439 | Elf:2    | Killed Jorgrun
 49440 | Elf:2    | Reached skill level 11 in Conjurations
 49930 | Elf:2    | Found a huge runed translucent gate.
 49930 | Elf:2    | Found a huge runed translucent gate.
 49930 | Elf:2    | Found a huge runed translucent gate.
 50707 | Elf:2    | Found a huge runed translucent gate.
 50707 | Elf:2    | Found a huge runed translucent gate.
 51105 | Orc:2    | Bought a book of Air for 560 gold pieces
 51137 | Orc:2    | Bought a scroll of enchant armour for 240 gold pieces
 51391 | Swamp:1  | Entered Level 1 of the Swamp
 51553 | Swamp:1  | Identified the +5 morningstar of Hept {venom, Dex+6}
 52207 | Swamp:1  | Offered knowledge of Freezing Cloud by Vehumet.
 52344 | Swamp:1  | Reached skill level 12 in Conjurations
 52452 | Swamp:2  | Reached XP level 17. HP: 100/100 MP: 17/35
 53090 | Swamp:2  | Reached skill level 10 in Hexes
 53710 | Swamp:2  | Learned a level 4 spell: Airstrike
 53952 | Swamp:2  | Acquired 761 gold pieces
 54483 | Swamp:3  | Found a transporter.
 54895 | Swamp:3  | Noticed a hellephant
 54898 | Swamp:3  | Found a one-way gate to the infinite horrors of the Abyss.
 54898 | Swamp:3  | Noticed Guhexism's ghost (journeyman DsMo)
 54974 | Swamp:3  | Found a transporter.
 55535 | Swamp:4  | Entered Level 4 of the Swamp
 55793 | Swamp:4  | Noticed Bai Suzhen
 56146 | Swamp:3  | Offered knowledge of Orb of Destruction by Vehumet.
 56286 | Swamp:3  | Learned a level 7 spell: Orb of Destruction
 56297 | Swamp:3  | Reached skill level 1 in Air Magic
 56817 | Orc:2    | Bought the ring "Inigutag" {Wiz rElec Str+2 Dex+4} for 679
                  | gold pieces
 57960 | Swamp:3  | Killed Bai Suzhen
 58504 | Swamp:4  | Reached skill level 5 in Air Magic
 58672 | Swamp:4  | Reached skill level 13 in Conjurations
 60270 | Swamp:4  | Got a decaying rune of Zot
 60606 | Lair:5   | Killed Jeban's ghost
 60607 | Lair:5   | Reached XP level 18. HP: 78/105 MP: 32/38
 61269 | Lair:1   | Learned a level 4 spell: Olgreb's Toxic Radiance
 63311 | Elf:2    | Reached skill level 14 in Conjurations
 63613 | Elf:3    | Entered Level 3 of the Elven Halls
 64299 | Elf:3    | Found Elimicae's Antique Weapon Shop.
 64752 | Elf:3    | Identified the ring "Hanwyopu" {Ice rN+}
 64756 | Elf:3    | Reached skill level 10 in Ice Magic
 65396 | Elf:3    | Identified the +4 glaive of Xuilop {vorpal, rN+ Int+2
                  | Dex-4}
 65403 | Elf:3    | Identified the +7 rapier of Jilulak {antimagic, Str+9
                  | Int-4}
 65403 | Elf:3    | Identified the +1 robe "Tilofekh" {rN+ Dex+4}
 66924 | Elf:3    | Identified the amulet of the Sparrow {*Slow Fragile rC+
                  | Will+++ Regen+}
 67804 | Elf:3    | Reached skill level 10 in Translocations
 68692 | Elf:3    | Identified the Handbook of Flamy Conjuration
 69547 | Elf:3    | Found the +1 cloak of Starlight {*Dazzle EV+4 Stlth--}
 69946 | Lair:1   | Learned a level 2 spell: Swiftness
 70214 | Snake:1  | Entered Level 1 of the Snake Pit
 70214 | Snake:1  | Noticed Aizul
 70218 | Snake:1  | Killed Aizul
 71022 | Snake:1  | Reached XP level 19. HP: 110/110 MP: 26/39
 72363 | Snake:1  | Reached skill level 15 in Conjurations
 75003 | Snake:2  | Reached skill level 16 in Conjurations
 78639 | Snake:3  | Reached skill level 17 in Conjurations
 80035 | Snake:4  | Entered Level 4 of the Snake Pit
 80106 | Snake:4  | Noticed Louise
 80112 | Snake:4  | Killed Louise
 81538 | Snake:4  | Reached skill level 18 in Conjurations
 83139 | Snake:4  | Offered knowledge of Fire Storm by Vehumet.
 83139 | Snake:4  | Offered knowledge of Chain Lightning by Vehumet.
 83139 | Snake:4  | Offered knowledge of Tornado by Vehumet.
 83226 | Snake:4  | Reached XP level 20. HP: 83/115 MP: 18/40
 84883 | Snake:4  | Reached skill level 19 in Conjurations
 86125 | Snake:4  | Got a serpentine rune of Zot
 86608 | Orc:2    | Bought a scroll of holy word for 240 gold pieces
 86608 | Orc:2    | Bought a scroll of amnesia for 112 gold pieces
 86756 | Lair:1   | Learned a level 1 spell: Apportation
 86901 | Orc:1    | Bought the ring "Kyc Fude" {rF+++ SInv} for 570 gold pieces
 87215 | Vaults:1 | Entered Level 1 of the Vaults
 87215 | Vaults:1 | Found Xipi's Weapon Boutique.
 88636 | Vaults:1 | Reached skill level 10 in Fire Magic
 88788 | Vaults:1 | Found Pukh's Antique Weapon Shop.
 89587 | Vaults:1 | Found Cefiqiu's Book Emporium.
 89766 | Vaults:1 | Bought a book of the Earth for 1170 gold pieces
 89984 | Vaults:1 | Found Qina's Distillery.
 90202 | Vaults:1 | Bought a potion of heal wounds for 110 gold pieces
 90797 | Vaults:1 | Identified the +6 falchion "Fiaxicrocs" {protect, *Slow
                  | rElec Int+3}
 91843 | Vaults:2 | Found a runed translucent gate.
 91881 | Vaults:2 | Found a runed translucent gate.
 91881 | Vaults:2 | Found a runed translucent gate.
 91883 | Vaults:2 | Noticed rjrrt's ghost (adept MiBe)
 95069 | Vaults:2 | Reached skill level 15 in Spellcasting
 95370 | Vaults:2 | Found a staircase to the Crypt.
 95706 | Vaults:2 | Upgraded the game from 0.27-a0-887-gcab673c142 to
                  | 0.27-a0-899-ge2d0b17c59
 95993 | Vaults:3 | Found Xekkun's Antique Armour Boutique.
 96075 | Vaults:3 | Reached XP level 21. HP: 98/120 MP: 21/42
 97097 | Vaults:3 | Reached skill level 10 in Air Magic
 97384 | Vaults:3 | Killed from afar by an ironbound frostheart

Illustrated notes

Levels and vault maps discovered:
D:1:      dpeg_arrival_boxorama, layout_loops_ring, basic_ecumenical_altar,
          minmay_tall_x
D:2:      layout_rooms
D:3:      layout_loops_ring, uniq_jessica
D:4:      layout_rooms, minmay_temple_entry_trees, patterned_corridor,
          uniq_pikel, uniq_grinder
D:5:      cheibrodos_barr_body, layout_rooms, nicolae_overflow_hidden_temple,
          enter_ossuary_3, minmay_misc_feat_plants, st_stairs_13,
          minmay_misc_feat_doors
D:6:      layout_layer_cave
D:7:      minmay_s_stair_smasher, layout_rooms, serial_shops,
          kennysheep_mini_moat, minmay_misc_feat_pillars
D:8:      layout_basic, lair_entry_dummy, due_unseen_surprise
D:9:      layout_basic, kennysheep_little_box, uniq_maurice
D:10:     layout_long_grid, nicolae_kikubaaqudgha_miasma_corner,
          serial_park_tiny_pond, uniq_joseph
D:11:     layout_small_grid, david_orc_1_choice
D:12:     kennysheep_blocky_room, layout_loops_ring,
          nicolae_trove_entry_path_of_doom
D:13:     layout_stronghold, david_vaults_2, grunt_ministairs_5
D:14:     layout_loops_ring, minmay_crystal_water
D:15:     grunt_enter_depths_magical_seal, layout_rooms, serial_park_avenue1
Temple:   eino_temple_rhombus
Lair:1:   layout_concentric_octagons, minmay_lair_oklob_chamber,
          serial_bayou_shore_a
Lair:2:   layout_hall_layers, uniq_urug
Lair:3:   layout_layer_cave, guppyfry_snake_entry_island, grunt_megastairs_3,
          serial_bayou_shore_b
Lair:4:   layout_regular_city, minmay_swamp_entry_swarm,
          gammafunk_ghost_berserking_beasts, beast_lair_carwin_9,
          grunt_megastairs_1, uniq_josephine
Lair:5:   layout_misc_corridors, minmay_slime_entry_jelly_boxes,
          gauntlet_entry_generic, gammafunk_ghost_endoplasm, minivault_23,
          uniq_sonja
Lair:6:   minmay_lair_end_frog_pond, layout_gridlike, lemuel_fruit_tree
Swamp:1:  layout_basic_swamp, infiniplex_staircase_pool, swamp_pool1
Swamp:2:  layout_basic_swamp, evilmike_swamp_ruin_house_5
Swamp:3:  layout_basic_swamp, gammafunk_ghost_abyssal_escape,
          hangedman_swamp_blocks, swamp_pool5
Swamp:4:  swamp_basic_johnstein, layout_basic_swamp, uniq_bai_suzhen
Snake:1:  layout_concentric_octagons, serial_bayou_shore_b, uniq_aizul
Snake:2:  layout_onion, serial_bayou_shore_b
Snake:3:  nicolae_snake_nest, layout_gridlike
Snake:4:  snake_pit, layout_onion_interference, uniq_louise
Orc:1:    layout_diamond_mine, serial_shops, nicolae_shop_statue_plus,
          basic_altar
Orc:2:    st_orc_town, layout_diamond_mine,
          portal_ice_cave_entry_animals_and_master, basic_altar, uniq_snorg
Elf:1:    eino_elf_arrival_altar, layout_loops_cross, minmay_elf_demonology
Elf:2:    layout_geoelf_grid, uniq_jorgrun
Elf:3:    minmay_elf_hall, layout_onion_city, serial_shops,
          nicolae_shop_competitors_out_of_business
Vaults:1: hangedman_vaults_stagger, v_alt_pattern_1, v_rooms_4, v_misc_29,
          nicolae_vaults_asterisk, grunt_vaults_focal,
          nicolae_vaults_puzzle_piece, nicolae_vaults_network_square,
          nicolae_vaults_little_ls, v_misc_12, ontoclasm_vaults_twist,
          vaults_dpeg_ring, grunt_vaults_hallway_short,
          nicolae_vaults_hallways_thing, layout_vaults_ring, serial_shops, shop,
          shop, shop, nicolae_shop_stone
Vaults:2: gammafunk_vaults_ghost_necromancy, minmay_crypt_entry_skeletal_spiral,
          vaults_room_grunt_arrival_checkpoint, hangedman_vaults_restitches,
          hangedman_vaults_stream, vaults_room_stairs_pillars,
          hangedman_vaults_trim, grunt_vaults_funnel, layout_vaults_omnigrid
Vaults:3: nicolae_vaults_network_s, nicolae_vaults_know_your_exits,
          hangedman_vaults_locks, ontoclasm_vaults_fault, vaults_dpeg_cross,
          ontoclasm_vaults_ring_large, vaults_room_fancy_cross,
          nicolae_vaults_circle_grid_b, nicolae_vaults_puzzle_piece,
          vaults_mumra_hexcomb, v_misc_16, nicolae_vaults_little_squares_1,
          v_alt_pattern_2, hangedman_vaults_nails, vaults_room_pools,
          layout_vaults_omnibox, serial_shops, shop

Skill      XL: |  1  2  3  4  5  6  7  8  9 10 11 12 13 14 15 16 17 18 19 20 21 |
---------------+----------------------------------------------------------------+-----
Spellcasting   | 4 5 7 9 12 14 15 | 15.7
Conjurations   | 5 6 7 8 9 12 13 14 18 19 | 19.0
Fighting       | 4 5 7 9 |  9.0
Hexes          | 4 7 9 12 | 12.0
Dodging        | 5 9 12 | 12.0
Shields        | 2 4 5 7 9 |  9.0
Translocations | 3 5 6 7 8 9 10 12 | 12.0
Evocations     | 4 5 7 9 |  9.0
Stealth        | 5 6 7 9 |  9.0
Fire Magic     | 6 7 9 12 | 12.0
Armour         | 4 5 7 |  7.0
Earth Magic    | 5 7 8 9 |  9.0
Ice Magic      | 3 8 9 12 13 14 | 14.0
Transmutations | 4 5 7 |  7.0
Poison Magic   | 6 7 |  7.0
Air Magic      | 6 9 10 | 10.1

Action                   |  1- 3 |  4- 6 |  7- 9 | 10-12 | 13-15 | 16-18 | 19-21 || total
-------------------------+-------+-------+-------+-------+-------+-------+-------++-------
Melee: Spear             |       |     1 |       |       |       |       |       ||     1
       Quarterstaff      |       |       |     5 |       |       |       |       ||     5
       Hunting sling     |       |       |       |     1 |       |       |       ||     1
       Staff             |       |       |       |       |    16 |     5 |     9 ||    30
 Fire: Hunting sling     |       |       |       |    42 |   126 |    94 |       ||   262
       Fustibalus        |       |       |       |       |       |    12 |    14 ||    26
Throw: Dart              |       |    20 |    35 |    53 |     2 |     9 |     6 ||   125
       Javelin           |       |       |     2 |       |       |       |       ||     2
 Cast: Magic Dart        |    60 |    29 |    11 |     1 |     4 |     1 |     1 ||   107
       Searing Ray       |     6 |    17 |    68 |   145 |   263 |   171 |    73 ||   743
       Fulminant Prism   |       |       |     6 |    45 |    59 |    54 |    38 ||   202
       Iskenderun's Myst |       |       |       |    23 |   107 |   153 |    84 ||   367
       Fireball          |       |       |       |     5 |    32 |    38 |    46 ||   121
       Bolt of Magma     |       |       |       |     9 |   142 |    63 |       ||   214
       Blink             |       |       |       |     1 |     2 |     6 |       ||     9
       Ignite Poison     |       |       |       |       |     7 |    97 |    30 ||   134
       Olgreb's Toxic Ra |       |       |       |       |     4 |    62 |    17 ||    83
       Orb of Destructio |       |       |       |       |       |    63 |   196 ||   259
       Ozocubu's Refrige |       |       |       |       |       |    14 |    98 ||   112
       Airstrike         |       |       |       |       |       |    22 |    34 ||    56
Evoke: Wand              |       |       |     1 |    10 |    11 |    10 |     5 ||    37
       Tin of tremorston |       |       |       |       |     1 |     6 |     2 ||     9
       Condenser vane    |       |       |       |       |       |     2 |     1 ||     3
       Phantom mirror    |       |       |       |       |       |     1 |       ||     1
       Box of beasts     |       |       |       |       |       |       |     1 ||     1
       Lightning rod     |       |       |       |       |       |       |     1 ||     1
  Use: Scroll            |       |       |    12 |    14 |     9 |    21 |     1 ||    57
       Potion            |       |       |       |     2 |     3 |     4 |       ||     9
 Stab: Sleeping          |       |     1 |       |       |       |       |       ||     1
       Distracted        |       |       |     1 |       |       |       |       ||     1
Armor: Robe              |     4 |       |     8 |     6 |       |    12 |       ||    30
       Acid dragon scale |       |       |       |    14 |    74 |    32 |       ||   120
       Ring mail         |       |       |       |       |       |       |    39 ||    39
Dodge: Dodged            |     6 |     5 |    28 |   114 |   280 |   196 |   117 ||   746
Block: Buckler           |       |       |       |    22 |   140 |   165 |   141 ||   468
       Reflection        |       |       |       |       |     7 |    36 |    53 ||    96

Table legend: (Time is in decaauts)
 A = Elapsed time spent in this place.
 B = Non-inter-level travel time spent in this place.
 C = Inter-level travel time spent in this place.
 D = Time resting spent in this place.
 E = Time spent auto-exploring this place.
 F = Levels seen in this place.
 G = Mean time per level.
                   A        B        C        D        E       F      G
               +--------+--------+--------+--------+--------+-----+--------+
         Total |  97954 |  91056 |   6898 |  57186 |  21011 |  41 | 2389.1 |
       Dungeon |  23225 |  20691 |   2534 |   9589 |   8539 |  15 | 1548.3 |
        Temple |     28 |     17 |     11 |      0 |     14 |   1 |   28.0 |
          Lair |  16422 |  14430 |   1992 |   7703 |   3763 |   6 | 2737.0 |
         Swamp |   8880 |   8476 |    404 |   5869 |   1491 |   4 | 2220.0 |
     Snake Pit |  15821 |  15359 |    462 |  11260 |   2670 |   4 | 3955.2 |
  Orcish Mines |   6577 |   5723 |    854 |   4093 |    749 |   2 | 3288.5 |
   Elven Halls |  13194 |  12684 |    510 |   9163 |   1531 |   3 | 4398.0 |
        Vaults |  10172 |  10044 |    128 |   7003 |   2130 |   3 | 3390.7 |
       Ossuary |    699 |    699 |      0 |    550 |      0 |   1 |  699.0 |
      Ice Cave |   2047 |   2047 |      0 |   1482 |    123 |   1 | 2047.0 |
      Gauntlet |    883 |    883 |      0 |    472 |      0 |   1 |  883.0 |
               +--------+--------+--------+--------+--------+-----+--------+

Top non-repeatable levels by time:
 Snake:4: 5666 daAuts
   Orc:2: 5618 daAuts
Vaults:2: 5600 daAuts
   Elf:2: 5035 daAuts
   Elf:3: 4409 daAuts
Vaults:1: 4061 daAuts
 Swamp:3: 3953 daAuts
 Snake:3: 3797 daAuts
   Elf:1: 3749 daAuts
  Lair:1: 3708 daAuts
 Snake:2: 3695 daAuts
  Lair:5: 2992 daAuts
 Snake:1: 2662 daAuts
  Lair:4: 2600 daAuts
  Lair:3: 2563 daAuts
